 Dungeon Crawl Stone Soup version 0.28.0-43-g3370ac3207 (webtiles) character file.

Game seed: 13392141246690780796

42 Renzlar the Shield-Bearer (level 3, -3/35 HPs)
             Began as a Gnoll Fighter on Mar 21, 2022.
             Killed by nerve-wracking pain
             ... invoked by an orc priest
              (6 damage)
             ... on level 2 of the Dungeon.
             The game lasted 00:03:43 (1742 turns).

Renzlar the Shield-Bearer (Gnoll Fighter)           Turns: 1742, Time: 00:03:45

Health: -3/35      AC:  8    Str: 17    XL:     3   Next: 56%
Magic:  4/4        EV:  9    Int:  7    God:
Gold:   54         SH:  5    Dex: 11    Spells: 3/3 levels left

rFire   . . .      SeeInvis .   a - +0 war axe
rCold   . . .      Faith    .   c - +0 buckler
rNeg    . . .      Spirit   .   f - +1 scale mail {Will+}
rPois   .          Reflect  .   (no helmet)
rElec   .          Harm     .   (no cloak)
rCorr   .          Rampage  .   (no gloves)
Will    +....                   (no boots)
Stlth   ..........              (no amulet)
HPRegen 0.11/turn               (no ring)
MPRegen 0.09/turn               (no ring)

@: no status effects
A: fangs 1, strong nose, distributed training
a: no special abilities


You were on level 2 of the Dungeon.
You visited 1 branch of the dungeon, and saw 3 of its levels.

You collected 54 gold pieces.

Inventory:

Hand Weapons
 a - a +0 war axe (weapon)
Missiles
 e - 6 poisoned darts
 h - 44 stones (quivered)
Armour
 c - a +0 buckler (worn)
 f - a +1 scale mail of willpower (worn)
 j - a +0 plate armour
Scrolls
 g - a scroll of enchant armour
Potions
 d - a potion of might
 k - a potion of mutation


   Skills:
 + Level 6.5 Fighting
 + Level 0.8 Short Blades
 + Level 0.8 Long Blades
 + Level 4.5 Axes
 + Level 0.8 Maces & Flails
 + Level 0.8 Polearms
 + Level 0.8 Staves
 + Level 0.8 Slings
 + Level 0.8 Bows
 + Level 0.8 Crossbows
 + Level 0.8 Throwing
 + Level 6.5 Armour
 + Level 0.8 Dodging
 + Level 0.8 Stealth
 + Level 6.5 Shields
 + Level 0.8 Unarmed Combat
 + Level 0.8 Spellcasting
 + Level 0.5 Conjurations
 + Level 0.5 Hexes
 + Level 0.5 Summonings
 + Level 0.5 Necromancy
 + Level 0.5 Translocations
 + Level 0.5 Transmutations
 + Level 0.5 Fire Magic
 + Level 0.5 Ice Magic
 + Level 0.5 Air Magic
 + Level 0.5 Earth Magic
 + Level 0.5 Poison Magic
 + Level 1.0 Invocations
 + Level 0.8 Evocations


You had 3 spell levels left.
You didn't know any spells.
Your spell library was empty.

Dungeon Overview and Level Annotations

Branches:
Dungeon (3/15)

Altars:


Innate Abilities, Weirdness & Mutations

You have very sharp teeth.
Your uncanny sense of smell can sniff out nearby items.
Your experience applies equally to all skills.


Message History

The orc priest hits you but does no damage.
The orc priest calls down the wrath of Beogh upon you.
You resist with significant effort.
You closely miss the orc priest.
The orc priest calls down the wrath of Beogh upon you.
Pain shoots through your body!
You hit the orc priest but do no damage.
You bite the orc priest.
The orc priest is lightly wounded.
The orc priest miscasts a cantrip.
You hit the orc priest.
You bite the orc priest, but do no damage.
The orc priest is moderately wounded.
The orc priest hits you with a +0 dagger.
The orc priest closely misses you.
You hit the orc priest but do no damage.
The orc priest is moderately wounded.
The orc priest looks braver for a moment.
You closely miss the orc priest.
The orc priest is moderately wounded.
The orc priest hits you but does no damage.
You barely miss the orc priest.
The orc priest is moderately wounded.
The orc priest hits you with a +0 dagger.
The orc priest mumbles some strange prayers to Beogh against you.
Beogh smites you!
* * * LOW HITPOINT WARNING * * *
You hit the orc priest.
The orc priest is moderately wounded.
The orc priest hits you but does no damage.
You hit the orc priest.
The orc priest is moderately wounded.
The orc priest hits you but does no damage.
You hit the orc priest but do no damage.
The orc priest is moderately wounded.
The orc priest hits you with a +0 dagger.
* * * LOW HITPOINT WARNING * * *
The orc priest calls down the wrath of Beogh upon you.
Pain shoots through your body!
You die...

.# #.##.## ##......<##
##.##.# .# #..#.#
##.....## #.....# .#
##.#.# ##...## #..####
.# #.#.# ##'## #..#####
.####.#.# #.# #.......
........# #.# #.######
#####.### ##.## #.# #.#
##...## #.# #.#
######.@...######.#
#.####....)..o.........#
#..............#########
######.#####.###
#.#####.# #....ยง..#
#########


You could see an orc priest.

Vanquished Creatures
  An adder (D:2)
  2 endoplasms (D:2)
  4 giant cockroaches
  4 hobgoblins
  3 jackals (D:1)
  3 quokkas
  2 ball pythons
  2 bats (D:1)
  3 frilled lizards
  2 goblins
  3 kobolds
  A rat (D:2)
30 creatures vanquished.

Notes
Turn   | Place    | Note
-------+----------+-------------------------------------------
     0 | D:1      | Renzlar the Gnoll Fighter began the quest for the Orb.
     0 | D:1      | Reached XP level 1. HP: 23/23 MP: 1/1
   110 | D:1      | Reached XP level 2. HP: 22/29 MP: 2/2
   217 | D:1      | Found a faded altar of an unknown god.
   934 | D:2      | Reached XP level 3. HP: 35/35 MP: 3/3
  1390 | D:2      | Reached skill level 1 in Invocations
  1742 | D:2      | Killed from afar by an orc priest

Illustrated notes

Levels and vault maps discovered:
D:1:      psy_arrival_terrarium, layout_basic,
          hellmonk_ecumenical_altar_blasted, corexii_hall_statues_t
D:2:      layout_loops_corners
D:3:      layout_rooms, okawaru_altar_gauntlet_db, grunt_dithmenos_smoke,
          portal_sewer_entry_b, serial_bayou_pond_c, kennysheep_doodads,
          uniq_natasha

Skill      XL: |  1  2  3 |
---------------+----------+-----
Invocations    | 1 |  1.0
Fighting       | |  6.5
Short Blades   | |  0.8
Long Blades    | |  0.8
Axes           | |  4.5
Maces & Flails | |  0.8
Polearms       | |  0.8
Staves         | |  0.8
Slings         | |  0.8
Bows           | |  0.8
Crossbows      | |  0.8
Throwing       | |  0.8
Armour         | |  6.5
Dodging        | |  0.8
Stealth        | |  0.8
Shields        | |  6.5
Unarmed Combat | |  0.8
Spellcasting   | |  0.8
Conjurations   | |  0.5
Hexes          | |  0.5
Summonings     | |  0.5
Necromancy     | |  0.5
Translocations | |  0.5
Transmutations | |  0.5
Fire Magic     | |  0.5
Ice Magic      | |  0.5
Air Magic      | |  0.5
Earth Magic    | |  0.5
Poison Magic   | |  0.5
Evocations     | |  0.8

Action                   || total
-------------------------++-------
Melee: War axe           ||    88
       Bite              ||    14
Throw: Stone             ||     2
  Use: Scroll            ||     4
Armor: Scale mail        ||    34
       Plate armour      ||     5
Dodge: Dodged            ||    30
Block: Buckler           ||    23
